 Dungeon Crawl Stone Soup version 0.19.0-11-g3fc08b3 (webtiles) character file.

12646 Ijustatesigmund the Fighter (level 11, -16/101 HPs)
             Began as a Minotaur Fighter on Nov 9, 2016.
             Was a High Priest of Cheibriados.
             Shot with a bolt by a yaktaur (39 damage)
             ... on level 12 of the Dungeon.
             The game lasted 00:41:05 (11343 turns).

Ijustatesigmund the Fighter (Minotaur Fighter)     Turns: 11343, Time: 00:41:05

Health: -16/101    AC:  8    Str: 34    XL:     11   Next: 65%
Magic:  14/17      EV: 23    Int: 19    God:    Cheibriados [*****.]
Gold:   322        SH:  9    Dex: 27    Spells: 2 memorised, 4 levels left

rFire  . . .     SeeInvis +     a - +1 flail (freeze)
rCold  . . .     Gourm    .     b - +0 scale mail
rNeg   . . .     Faith    +     H - +2 buckler {reflect}
rPois  .         Spirit   .     (helmet restricted)
rElec  .         Reflect  +     I - +2 cloak
rCorr  +         Harm     .     w - +0 pair of gloves "Segga" {rCorr}
MR     .....                    (no boots)
Stlth  ++........               o - amulet of faith
                                u - ring of see invisible
                                h - ring of wizardry

@: agile, very slow
A: retaliatory headbutt, horns 2, deformed body
a: Bend Time, Temporal Distortion, Slouch, Step From Time, Renounce Religion


You were on level 12 of the Dungeon.
You worshipped Cheibriados.
Cheibriados was extremely pleased with you.
You were not hungry.

You visited 2 branches of the dungeon, and saw 13 of its levels.

You collected 672 gold pieces.
You spent 350 gold pieces at shops.

Inventory:

Hand Weapons
 a - a +1 flail of freezing (weapon)
Armour
 b - a +0 scale mail (worn)
 c - a +0 shield
 w - the +0 pair of gloves "Segga" (worn) {rCorr}
   (You found it on level 6 of the Dungeon)

   It protects you from acid and corrosion.
 H - a +2 buckler of reflection (worn)
 I - a +2 cloak (worn)
Rods
 m - a +0 lightning rod (10/10)
   (You found it on level 3 of the Dungeon)
Jewellery
 h - a ring of wizardry (left hand)
 o - an amulet of faith (around neck)
 u - a ring of see invisible (right hand)
Wands
 t - a wand of flame (17/48)
 y - a wand of slowing (29/48)
Scrolls
 e - 2 scrolls of remove curse
 i - a scroll of enchant weapon
 j - 2 scrolls of recharging
 l - 3 scrolls of random uselessness
Potions
 d - 4 potions of magic
 g - 4 potions of lignification
 k - a potion of berserk rage {unknown}
 q - 2 potions of cancellation
 r - a potion of brilliance
 x - 2 potions of invisibility {unknown}
 z - a potion of agility
 F - a potion of flight {unknown}
 J - a potion of curing {unknown}
Books
 p - a book of Maledictions

   Spells                             Type                      Level
   a - Corona                         Hexes                        1
   b - Ensorcelled Hibernation        Hexes/Ice                    2
   c - Confuse                        Hexes                        3
   d - Tukima's Dance                 Hexes                        3
   e - Dazzling Spray                 Conjuration/Hexes            3
 G - a book of Debilitation

   Spells                             Type                      Level
   a - Corona                         Hexes                        1
   b - Slow                           Hexes                        2
   c - Gell's Gravitas                Hexes/Translocation          3
   d - Inner Flame                    Hexes/Fire                   3
   e - Cause Fear                     Hexes                        4
   f - Leda's Liquefaction            Hexes/Earth                  4
Comestibles
 f - 7 bread rations
 n - 8 meat rations
 s - a chunk of flesh
 A - 2 slices of pizza
 C - 2 beef jerkies
 E - 5 fruits


   Skills:
 + Level 10.6 Fighting
 + Level 10.6 Maces & Flails
 - Level 5.1 Armour
 - Level 8.0 Dodging
 - Level 5.0 Shields
 - Level 2.6 Conjurations
 + Level 2.6 Hexes
 + Level 1.2 Translocations
 - Level 10.0 Invocations


You had 4 spell levels left.
You knew the following spells:

 Your Spells              Type           Power        Failure   Level  Hunger
a - Dazzling Spray        Conj/Hex       ##....       16%         3    ####...
b - Gell's Gravitas       Hex/Tloc       #.........   32%         3    ####...


Dungeon Overview and Level Annotations

Branches:
Dungeon (12/15)            Temple (1/1) D:4            Lair (0/6) D:9
    Orc: D:9-12

Altars:
Ashenzari
Cheibriados
Dithmenos
Elyvilon
Fedhas
Gozag
Hepliaklqana
Kikubaaqudgha
Makhleb
Nemelex Xobeh
Okawaru
Qazlal
Ru
Sif Muna
Trog
Uskayaw
Vehumet
Xom
Yredelemnul
Zin
The Shining One

Shops:
D:7 %   D:8 [   D:9 *


Innate Abilities, Weirdness & Mutations

You reflexively headbutt those who attack you in melee.
You have a pair of horns on your head.
Armour fits poorly on your strangely shaped body.


Message History

The arrow hits the centaur!
The arrow freezes the centaur.
The yaktaur shoots a bolt.
The bolt barely misses you. You block the adder's attack.
The yaktaur wields an arbalest.
The yaktaur shoots a bolt.
The bolt barely misses you.
The yaktaur unwields an uncursed arbalest.
The yaktaur closely misses you. You furiously retaliate!
You headbutt the yaktaur. The adder misses you. You furiously retaliate!
You headbutt the adder, but do no damage.
The yaktaur hits you but does no damage.
The adder closely misses you.
Your surroundings seem slightly different.
The yaktaur unwields an uncursed arbalest.
The yaktaur barely misses you. You furiously retaliate!
You headbutt the yaktaur!
The yaktaur shoots a bolt.
The bolt misses you.
The yaktaur hits you but does no damage.
The yaktaur closely misses you.
The yaktaur hits you but does no damage.
The yaktaur wields an uncursed arbalest.
The yaktaur shoots a bolt.
The bolt hits you!!!
You die...

#.......(..##.#
#.............
##.........#######
........(.........
#.........(#######
.........cc#
#......Scc.#
##........(#
...###.##@## ###
#. #.# #. ..# #.##
#. #. .. ##


You could see 3 yaktaurs, a centaur and an adder.

Vanquished Creatures
  Erica (D:9)
  Sonja (D:10)
  An unseen horror (D:11)
  3 hill giants (D:11)
  An ugly thing (D:11)
  Prince Ribbit (D:5)
  Grinder (D:3)
  3 hippogriffs
  Sigmund (D:5)
  A wraith (D:10)
  3 yaks (D:9)
  Menkaure (D:5)
  Edmund (D:4)
  2 mottled dragons
  2 hell hounds (D:9)
  3 water moccasins
  Duvessa (D:4)
  4 sky beasts
  2 orc warriors
  2 phantoms
  A black bear (D:10)
  3 ice beasts
  5 centaurs
  11 ogres
  4 big kobolds
  6 bullfrogs
  A wyvern zombie (D:6)
  Dowan (D:4)
  6 scorpions
  A wyvern skeleton (D:10)
  11 killer bees
  5 wights (D:11)
  2 howler monkeys
  A bullfrog zombie (D:6)
  5 crimson imps
  13 hounds
  3 jellies
  6 orc priests
  15 orc wizards
  2 bullfrog skeletons
  2 centaur skeletons
  3 iguanas
  Natasha (thrice) (D:4)
  5 worker ants
  A hound zombie (D:5)
  A howler monkey skeleton (D:4)
  8 adders
  13 gnolls
  A shadow imp (D:6)
  2 oozes (D:2)
  An adder zombie (D:6)
  An adder skeleton (D:9)
  8 worms
  2 dart slugs
  2 leopard geckos
  58 orcs
  A ball python (D:4)
  4 bats
  6 giant cockroaches
  6 goblins
  5 hobgoblins
  14 jackals
  6 quokkas
  2 frilled lizards (D:3)
  29 kobolds
  2 leopard gecko skeletons (D:4)
  A leopard gecko zombie (D:8)
  5 rats
329 creatures vanquished.

Vanquished Creatures (others)
  A scorpion (D:10)
  A shadow imp (D:9)
  A kobold (D:9)
3 creatures vanquished.

Grand Total: 332 creatures vanquished

Notes
Turn   | Place    | Note
-------+----------+-------------------------------------------
     0 | D:1      | Ijustatesigmund the Minotaur Fighter began the quest for the Orb.
     0 | D:1      | Reached XP level 1. HP: 19/19 MP: 0/0
   255 | D:1      | Reached XP level 2. HP: 27/27 MP: 1/1
   517 | D:2      | Reached XP level 3. HP: 29/33 MP: 2/2
   677 | D:2      | Found a hazy altar of Hepliaklqana.
   725 | D:2      | Found an opulent altar of Gozag.
   801 | D:2      | Reached XP level 4. HP: 40/40 MP: 3/3
  1087 | D:3      | Found a shimmering altar of Xom.
  1087 | D:3      | Found a shimmering altar of Xom.
  1095 | D:3      | Found a shimmering altar of Xom.
  1095 | D:3      | Found a shimmering altar of Xom.
  1096 | D:3      | Found a shimmering altar of Xom.
  1098 | D:3      | Found a shimmering altar of Xom.
  1098 | D:3      | Found a shimmering altar of Xom.
  1100 | D:3      | Found a shimmering altar of Xom.
  1277 | D:3      | Found a shattered altar of Ashenzari.
  1277 | D:3      | Noticed Grinder
  1291 | D:3      | Paralysed by Grinder for 7 turns
  1302 | D:3      | Killed Grinder
  1302 | D:3      | Reached skill level 5 in Fighting
  1302 | D:3      | Reached skill level 5 in Maces & Flails
  1302 | D:3      | Reached XP level 5. HP: 27/48 MP: 4/4
  1302 | D:3      | Reached XP level 6. HP: 31/56 MP: 5/5
  1585 | D:3      | Found a stormy altar of Qazlal.
  1904 | D:4      | Found a staircase to the Ecumenical Temple.
  2008 | Temple   | Entered the Ecumenical Temple
  2205 | D:4      | Noticed Edmund
  2205 | D:4      | Noticed Natasha
  2219 | D:4      | Killed Natasha
  2228 | D:4      | Killed Edmund
  2228 | D:4      | Reached skill level 5 in Armour
  2228 | D:4      | Reached skill level 5 in Shields
  2228 | D:4      | Reached XP level 7. HP: 26/61 MP: 6/6
  2399 | D:4      | Noticed a dagger
  2403 | D:4      | Noticed a hand axe
  2406 | D:4      | Found a hide-covered altar of Uskayaw.
  2465 | D:4      | Noticed Natasha
  2473 | D:4      | Killed Natasha
  2486 | D:4      | Found a bloodstained altar of Trog.
  2491 | D:4      | Noticed Duvessa
  2494 | D:4      | Noticed Dowan
  2652 | D:5      | Entered Level 5 of the Dungeon
  3269 | D:6      | Reached XP level 8. HP: 38/71 MP: 7/7
  3459 | D:4      | Killed Duvessa
  3610 | D:5      | Reached skill level 5 in Dodging
  3835 | D:4      | Noticed Natasha
  3838 | D:4      | Killed Natasha
  4205 | D:4      | Killed Dowan
  4774 | D:5      | Noticed Sigmund
  4781 | D:5      | Killed Sigmund
  5036 | D:5      | Reached XP level 9. HP: 70/82 MP: 8/8
  5259 | D:5      | Noticed Prince Ribbit
  5298 | D:5      | Killed Prince Ribbit
  5385 | D:5      | Noticed Menkaure
  5390 | D:5      | Killed Menkaure
  5748 | D:6      | Got a pair of shimmering gloves
  5754 | D:6      | Identified the cursed +0 pair of gloves "Segga" {rCorr} (You found it on level 6 of the Dungeon)
  6459 | D:6      | Gained mutation: You are partially covered in slimy green scales. (AC +2) [potion of mutation]
  6459 | D:6      | Gained mutation: You are frail. (-10% HP) [potion of mutation]
  6459 | D:6      | Gained mutation: Your mind is acute. (Int +2) [potion of mutation]
  6460 | D:6      | Lost mutation: You are frail. (-10% HP) [potion of cure mutation]
  6460 | D:6      | Lost mutation: Your mind is acute. (Int +2) [potion of cure mutation]
  6460 | D:6      | Lost mutation: You are partially covered in slimy green scales. (AC +2) [potion of cure mutation]
  6754 | D:7      | Found Naofisu's Food Shop.
  6861 | D:7      | Found a snail-covered altar of Cheibriados.
  6874 | D:7      | Became a worshipper of Cheibriados the Contemplative
  7355 | D:7      | Reached skill level 1 in Invocations
  7796 | D:7      | Reached XP level 10. HP: 74/93 MP: 9/11
  7926 | D:8      | Reached * piety under Cheibriados
  8385 | D:8      | Found Malism's Antique Armour Boutique.
  8390 | D:8      | Bought a twisted leather armour for 140 gold pieces
  8390 | D:8      | Bought a shiny buckler for 210 gold pieces
  8400 | D:8      | Identified the +1 leather armour "Lizavacosi" {*Contam rPois Stlth+} (You bought it in a shop on level 8 of the Dungeon)
  8434 | D:8      | Gained mutation: Armour fits poorly on your strangely shaped body. [mutagenic glow]
  8529 | D:8      | Reached skill level 5 in Invocations
  8549 | D:9      | Reached ** piety under Cheibriados
  8828 | D:9      | Found a staircase to the Lair.
  8916 | D:9      | Found a shadowy altar of Dithmenos.
  8934 | D:9      | Found a sacrificial altar of Ru.
  8934 | D:9      | Found an ancient bone altar of Kikubaaqudgha.
  9030 | D:9      | Found a glowing golden altar of the Shining One.
  9177 | D:9      | Reached *** piety under Cheibriados
  9430 | D:9      | Found a blossoming altar of Fedhas.
  9458 | D:9      | Noticed Erica
  9467 | D:9      | Killed Erica
  9627 | D:9      | Found Sikh's Assorted Antiques.
  9827 | D:7      | Reached **** piety under Cheibriados
  9892 | D:10     | Entered Level 10 of the Dungeon
  9899 | D:10     | Reached XP level 11. HP: 95/99 MP: 17/17
  9910 | D:10     | Learned a level 3 spell: Dazzling Spray
  9925 | D:10     | Noticed Sonja
  9930 | D:10     | Killed Sonja
  9944 | D:10     | Reached skill level 1 in Conjurations
 10258 | D:10     | Reached skill level 1 in Hexes
 10862 | D:10     | Reached skill level 10 in Invocations
 10931 | D:10     | Reached ***** piety under Cheibriados
 11060 | D:11     | Noticed a hill giant
 11063 | D:11     | Killed a hill giant
 11063 | D:11     | Reached skill level 10 in Fighting
 11063 | D:11     | Reached skill level 10 in Maces & Flails
 11160 | D:11     | Noticed a hill giant
 11167 | D:11     | Killed a hill giant
 11190 | D:11     | Noticed an unseen horror
 11195 | D:11     | Killed an unseen horror
 11210 | D:11     | Learned a level 3 spell: Gell's Gravitas
 11238 | D:11     | Noticed a white ugly thing
 11244 | D:11     | Noticed a hill giant
 11245 | D:11     | Killed a white ugly thing
 11250 | D:11     | Killed a hill giant
 11257 | D:11     | Reached skill level 1 in Translocations
 11343 | D:12     | Shot with a bolt by a yaktaur

Skill      XL: |  1  2  3  4  5  6  7  8  9 10 11 |
---------------+----------------------------------+-----
Maces & Flails | 3 4 5 7 8 9 10 | 10.6
Fighting       | 4 5 6 8 9 10 | 10.6
Armour         | 4 5 |  5.1
Dodging        | 2 4 6 8 |  8.0
Shields        | 4 5 |  5.0
Invocations    | 2 9 10 | 10.0
Conjurations   | 2 |  2.6
Hexes          | 2 |  2.6
Translocations | 1 |  1.2

Action                   |  1- 3 |  4- 6 |  7- 9 | 10-12 || total
-------------------------+-------+-------+-------+-------++-------
Melee: Flail             |    57 |   136 |   389 |   328 ||   910
       Headbutt          |     3 |    21 |    81 |    96 ||   201
Invok: Slouch            |       |       |       |     2 ||     2
       Step From Time    |       |       |       |     1 ||     1
Evoke: Wand              |       |       |     6 |       ||     6
       Rod               |       |       |     3 |       ||     3
  Use: Scroll            |     7 |     1 |    14 |     8 ||    30
       Potion            |       |     3 |     5 |     2 ||    10
  Eat: Chunk             |       |     4 |     9 |     4 ||    17
       Fruit             |       |       |     6 |       ||     6
       Beef jerky        |       |       |     1 |       ||     1
       Bread ration      |       |       |     1 |       ||     1
       Pizza             |       |       |     1 |       ||     1
Armor: Scale mail        |    16 |    72 |    94 |    73 ||   255
Dodge: Dodged            |    21 |    51 |   138 |   206 ||   416
Block: Shield            |    26 |    75 |   193 |    19 ||   313
       Buckler           |       |       |       |   105 ||   105
       Reflection        |       |       |       |    20 ||    20
